 Dungeon Crawl Stone Soup version 0.27-a0-906-g0a00ce863d (webtiles) character file.

Game seed: 5122426640615633915

7 EnegeticOcto the Magician (level 2, 0/22 HPs)
             Began as a Djinni Earth Elementalist on Apr 7, 2021.
             Slain by a black bear (1 damage)
             ... on level 2 of the Dungeon.
             The game lasted 00:00:31 (49 turns).

EnegeticOcto the Magician (Djinni Earth Elementalist) Turns: 49, Time: 00:00:31

Health: 0/22       AC:  2    Str:  7    XL:     2   Next: 4%
Gold:   0          EV: 12    Int: 16    God:
                   SH:  0    Dex: 13

rFire    + + .     SeeInvis .   (no weapon)
rCold    x . .     Faith    .   (no shield)
rNeg     . . .     Spirit   .   c - +0 robe
rPois    ∞         Reflect  .   (no helmet)
rElec    .         Harm     .   (no cloak)
rCorr    .         Rampage  .   (no gloves)
Will     .....                  (boots unavailable)
Stlth    ++........             (no amulet)
HPRegen  0.07/turn              f - ring of wizardry
MPRegen  0.00/turn              (no ring)

@: flying
A: fire resistance 2, cold vulnerability 1, float, innate caster, hp casting,
extra vitality 1
a: no special abilities


You were on level 2 of the Dungeon.
You visited 1 branch of the dungeon, and saw 2 of its levels.

Inventory:

Missiles
 b - 20 stones
 d - 12 poisoned darts
Armour
 c - a +0 robe (worn)
Jewellery
 f - a ring of wizardry (left hand)
   (You found it on level 2 of the Dungeon)
Scrolls
 a - a scroll of fear {unknown}
 e - a scroll of noise {unknown}


   Skills:
 + Level 0.7 Fighting
 - Level 2.1 Dodging
 - Level 1.5 Stealth
 * Level 3.0 Spellcasting


You couldn't memorise any spells.
You knew the following spells:

 Your Spells              Type           Power      Damage    Failure   Level
a - Sandblast             Erth           24%        2d8       2%          1
b - Stone Arrow           Conj/Erth      24%        3d8       6%          3
c - Petrify               Tmut/Erth      12%        N/A       21%         4
d - Lee's Rapid Deconstr  Erth           6%         3d7*      50%         5
p - Passwall              Tmut/Erth      10%        N/A       3%          2
Your spell library was empty.

Dungeon Overview and Level Annotations

Branches:
Dungeon (2/15)

Altars:


Innate Abilities, Weirdness & Mutations

You are immune to poison.
Your flesh is very heat resistant. (rF++)
You are vulnerable to cold. (rC-)
You float through the air rather than walking.
You learn spells naturally, not from books.
Your magical power is your life essence.
You have superior vitality. (+4 HP)


Message History

The blast of sand hits the ball python.
You kill the ball python!
Casting: Sandblast (safe; 6% risk of failure)
Confirm with . or Enter, or press ? or * to list all spells.
Aiming: Sandblast (safe; 6% risk of failure)
Press: ? - help, Shift-Dir - straight line, f - endoplasm
Aim: an endoplasm (2% to evade)
The blast of sand hits the endoplasm!
You kill the endoplasm!
Casting: Sandblast (safe; 6% risk of failure)
Confirm with . or Enter, or press ? or * to list all spells.
Aiming: Sandblast (safe; 6% risk of failure)
Press: ? - help, Shift-Dir - straight line, f - you That would be overly suicidal.
Okay, then.
Unknown command.
Casting: Sandblast (safe; 6% risk of failure)
Confirm with . or Enter, or press ? or * to list all spells.
Aiming: Sandblast (safe; 6% risk of failure)
Press: ? - help, Shift-Dir - straight line, f - dart slug
Aim: a dart slug (0% to evade)
The blast of sand hits the dart slug!
You kill the dart slug!
Casting: Sandblast (safe; 5% risk of failure)
Confirm with . or Enter, or press ? or * to list all spells.
Aiming: Sandblast (safe; 5% risk of failure)
Press: ? - help, Shift-Dir - straight line, f - you That would be overly suicidal.
Okay, then.
Unknown command.
The endoplasm quivers.
There is a stone staircase leading up here.
Casting: Sandblast (safe; 5% risk of failure)
Confirm with . or Enter, or press ? or * to list all spells.
Aiming: Sandblast (safe; 5% risk of failure)
Press: ? - help, Shift-Dir - straight line, f - endoplasm
Aim: an endoplasm (2% to evade)
The blast of sand hits the endoplasm!
You kill the endoplasm!
Your Spellcasting skill increases to level 3!
You have reached level 2!
You see here 12 poisoned darts.
d - 12 poisoned darts
e - a scroll labelled WUYNEC UNEFU Autopickup is now off.
You see here a ring of wizardry.
Autopickup is now on.
f - a ring of wizardry (left hand)
A black bear comes into view.
Found 3 poisoned darts, a ring mail and 10 gold pieces.
You see here a ball python corpse.
A goblin comes into view. It is wielding a +0 club.
The black bear growls angrily.
The goblin shouts!
You hear a shout!
A bat comes into view.
Found 16 stones, a small garnet ring and a scroll labelled LUTALAERUG.
You see here a ball python corpse.
The bat hits you but does no damage. The bat hits you.
Casting: Sandblast (safe; 2% risk of failure)
Confirm with . or Enter, or press ? or * to list all spells.
Aiming: Sandblast (safe; 2% risk of failure)
Press: ? - help, Shift-Dir - straight line, f - bat
Aim: a bat (31% to evade)
The blast of sand hits the bat!
You kill the bat!
Casting: Sandblast (safe; 2% risk of failure)
Confirm with . or Enter, or press ? or * to list all spells.
Aiming: Sandblast (safe; 2% risk of failure)
Press: ? - help, Shift-Dir - straight line, f - black bear
Aim: a black bear (15% to evade)
The blast of sand hits the black bear.
The black bear is moderately wounded.
Casting: Sandblast (safe; 2% risk of failure)
Confirm with . or Enter, or press ? or * to list all spells.
Aiming: Sandblast (safe; 2% risk of failure)
Press: ? - help, Shift-Dir - straight line, f/p - black bear
Aim: a black bear (moderately wounded, 15% to evade)
The blast of sand misses the black bear.
Casting: Sandblast (safe; 2% risk of failure)
Confirm with . or Enter, or press ? or * to list all spells.
Aiming: Sandblast (safe; 2% risk of failure)
Press: ? - help, Shift-Dir - straight line, f/p - black bear
Aim: a black bear (moderately wounded, 15% to evade)
The blast of sand hits the black bear.
The black bear is moderately wounded.
The black bear barely misses you. The black bear claws you.
* * * LOW HITPOINT WARNING * * *
The black bear claws you.
* * * LOW HITPOINT WARNING * * *
Casting: Sandblast (safe; 2% risk of failure)
Confirm with . or Enter, or press ? or * to list all spells.
You don't have enough health to cast this spell.
Unknown command.
Casting: Sandblast (safe; 2% risk of failure)
Confirm with . or Enter, or press ? or * to list all spells.
You don't have enough health to cast this spell.
You hit the black bear but do no damage.
The black bear is moderately wounded.
The black bear bites you.
You die...

..## ##
######..#..#
##....#..##.#
#..$[.....#.#
#(....#.#
#(.#†...#
b?=..#....#
#.g..##.gh.#
######....@##
............##
#....###.....##
######...<....#
............#
.............#
.............#
.............#
w............#


You could see a black bear and a goblin.

Vanquished Creatures
  A dart slug (D:2)
  2 endoplasms (D:2)
  A ball python (D:2)
  A bat (D:2)
  A rat (D:2)
6 creatures vanquished.

Notes
Turn   | Place    | Note
-------+----------+-------------------------------------------
     0 | D:1      | EnegeticOcto the Djinni Earth Elementalist began the quest
                  | for the Orb.
     0 | D:1      | Reached XP level 1. HP: 15/15 MP: 0/0
     0 | D:1      | Noticed a jelly
     0 | D:1      | Noticed a jelly
    20 | D:2      | Reached skill level 3 in Spellcasting
    20 | D:2      | Reached XP level 2. HP: 10/22 MP: 0/0
    39 | D:2      | Noticed a black bear
    48 | D:2      | HP: 1/22 [black bear (2)]
    49 | D:2      | Slain by a black bear

Illustrated notes

Levels and vault maps discovered:
D:1:      dpeg_arrival_caged_fury, layout_rooms, serial_shops,
          nicolae_shop_waterfront, shapermc_ecumenical_altar_notcrosses,
          amcnicky_mini_rare_corridor_liquid, roderic_roman_lattice,
          minivault_5, kennysheep_pointless_box, minmay_misc_feat_pillars,
          amcnicky_mini_corridor_feature
D:2:      minmay_roachtagon, layout_rooms, basic_altar, skrybe_limestone_x,
          minmay_randomly_rotated_circles, uniq_jessica

Skill      XL: |  1 |
---------------+----+-----
Spellcasting   | 3 |  3.0
Fighting       | |  0.7
Dodging        | |  2.1
Stealth        | |  1.5

Action                   || total
-------------------------++-------
Melee: Unarmed           ||     1
 Cast: Sandblast         ||    10
Armor: Robe              ||     1
Dodge: Dodged            ||     2

Table legend: (Time is in decaauts)
 A = Elapsed time spent in this place.
 B = Non-inter-level travel time spent in this place.
 C = Inter-level travel time spent in this place.
 D = Time resting spent in this place.
 E = Time spent auto-exploring this place.
 F = Levels seen in this place.
 G = Mean time per level.
                   A        B        C        D        E       F      G
               +--------+--------+--------+--------+--------+-----+--------+
         Total |     48 |     46 |      2 |      0 |      0 |   2 |   24.0 |
       Dungeon |     48 |     46 |      2 |      0 |      0 |   2 |   24.0 |
               +--------+--------+--------+--------+--------+-----+--------+

Top non-repeatable levels by time:
     D:2: 46 daAuts
     D:1: 2 daAuts
